Map: Amygdala

Players

Davbond - Winner!

  • Race: Zerg Zerg
  • League: Grandmaster
  • Spawn Location: 1:00

Aldaris

  • Race: Zerg Zerg
  • League: Diamond
  • Spawn Location: 7:00

VOD

Have the link to the VOD?

Description

Time

  • Played on: March 20, 2025, 3:27 p.m.
  • Length: 11:20
Show
View Real Time Build Order
Export as new Build Order

Davbond Zerg - Winner!

Build Orders: Hatch First 

Get SALT Encoding   

  12  0:00  Drone  
  13  0:08  Drone  
  14  0:14  Extractor  
  14  0:15  Drone  
  15  0:23  Overlord  
  15  0:43  Drone  
  15  0:46  Hatchery  
  15  0:49  Drone  
  16  0:53  Drone  
  17  0:57  Drone  
  18  1:07  Extractor  
  17  1:12  Spawning Pool  
  17  1:15  Drone  
  17  1:19  Drone  
  18  1:26  Drone  
  19  1:39  Drone  
  20  1:48  Drone  
  21  1:59  Overlord  
  21  2:02  Queen x2  
  21  2:05  Drone  
  26  2:12  Drone x2  
  28  2:19  Drone  
  28  2:22  Drone  
  30  2:32  Drone x2  
  32  2:42  Queen  
  34  2:44  Lair  
  34  2:50  Drone x2  
  36  2:53  Overlord  
  36  2:58  Roach Warren  
  36  2:59  Drone  
  36  3:13  Drone x7, Evolution Chamber  
  36  3:18  Overlord  
  42  3:27  Evolution Chamber  
  42  3:29  Drone x3  
  42  3:30  Extractor, Drone  
  44  3:40  Extractor  
  43  3:42  Drone x3  
  43  3:43  Drone x2  
  43  3:48  Spire  
  47  3:50  Extractor  
  47  3:53  Drone x2  
  47  3:54  Drone  
  49  3:56  Drone  
  49  4:01  Overseer  
  50  4:05  Roach  
  52  4:12  Overlord  
  52  4:13  Overlord  
  52  4:17  Overlord  
  52  4:33  Drone x5  
  52  4:34  Drone x2  
  59  4:40  Hatchery  
  58  4:54  Roach x3  
  64  5:02  Mutalisk x2  
  64  5:03  Mutalisk x2  
  72  5:09  Mutalisk x2  
  72  5:13  Overlord  
  72  5:14  Overlord  
  76  5:21  Hatchery  
  76  5:23  Zerg Flyer Armor Level 1  
  75  5:30  Overlord x3  
  75  5:44  Mutalisk x3  
  81  5:50  Spore Crawler  
  81  5:53  Hatchery  
  81  5:54  Drone x6  
  81  5:55  Drone  
  86  6:00  Zerg Ground Armor Level 1  
  86  6:03  Metabolic Boost, Spore Crawler  
  85  6:15  Extractor  
  84  6:18  Drone  
  84  6:19  Extractor, Drone x5  
  89  6:30  Mutalisk  
  89  6:31  Mutalisk x2  
  95  6:38  Drone x6  
  101  6:43  Mutalisk  
  102  7:12  Drone x9, Hatchery  
  102  7:14  Zerg Melee Weapons Level 1  
  110  7:22  Mutalisk x4  
  112  7:27  Spore Crawler  
  117  7:30  Extractor, Spore Crawler  
  117  7:32  Extractor  
  114  7:40  Zergling x10, Spore Crawler  
  116  7:55  Overlord x4  
  114  8:05  Spore Crawler  
  111  8:11  Zergling x2  
  111  8:12  Zergling x4, Overlord x3  
  114  8:13  Overlord  
  114  8:16  Hatchery  
  113  8:22  Zerg Ground Armor Level 2  
  113  8:23  Spore Crawler  
  113  8:26  Zerg Flyer Weapons Level 1  
  111  8:31  Mutalisk x4  
  111  8:45  Queen  
  111  8:46  Spine Crawler, Baneling Nest, Drone x4  
  115  8:51  Mutalisk x2  
  119  9:01  Mutalisk x3  
  125  9:11  Mutalisk x3  
  125  9:13  Zergling x4  
  125  9:14  Zergling x2  
  134  9:27  Infestation Pit  
  119  9:31  Drone  
  119  9:32  Drone x7  
  119  9:37  Spore Crawler  
  126  9:41  Baneling x2  
  126  9:42  Drone  
  126  9:43  Drone x2  
  129  9:45  Overseer  
  126  10:00  Drone x7  
  126  10:05  Hive  
  132  10:13  Spine Crawler, Drone x2  
  132  10:14  Spore Crawler  
  132  10:15  Overlord  
  131  10:31  Spine Crawler  
  131  10:33  Pneumatized Carapace  
  131  10:34  Baneling  
  131  10:35  Baneling x2  
  130  10:36  Mutalisk x3  
  134  10:46  Zergling x16  
  142  10:52  Baneling x2  
Show
View Real Time Build Order
Export as new Build Order

Aldaris Zerg 

Build Orders: Hatch First 

Get SALT Encoding   

  12  0:00  Drone  
  13  0:12  Overlord  
  13  0:17  Drone  
  14  0:31  Drone x2  
  16  0:46  Hatchery  
  15  0:50  Drone  
  15  0:53  Drone  
  17  0:58  Drone  
  18  1:07  Extractor  
  17  1:13  Spawning Pool  
  17  1:15  Drone  
  17  1:19  Drone  
  18  1:32  Drone  
  19  1:39  Overlord  
  19  1:58  Drone  
  19  1:59  Queen x2  
  24  2:01  Zergling x2  
  24  2:03  Zergling x2  
  26  2:09  Drone  
  26  2:12  Metabolic Boost  
  27  2:17  Drone  
  28  2:24  Drone  
  29  2:35  Queen  
  31  2:41  Queen  
  33  2:48  Baneling Nest  
  33  2:49  Drone  
  33  2:53  Overlord  
  33  2:57  Drone  
  34  2:59  Drone  
  35  3:14  Lair  
  35  3:16  Drone  
  35  3:17  Drone x3  
  39  3:25  Overlord  
  39  3:26  Drone  
  41  3:34  Drone x3  
  43  3:43  Drone  
  43  3:45  Drone x3  
  43  3:47  Extractor  
  46  3:48  Extractor  
  45  3:56  Drone  
  45  3:57  Overlord  
  46  4:04  Drone  
  46  4:05  Drone x3  
  50  4:13  Evolution Chamber, Zergling x2  
  50  4:22  Extractor  
  49  4:26  Spire  
  48  4:33  Zergling x12  
  54  4:42  Overlord  
  54  4:44  Overseer  
  54  4:45  Hatchery  
  53  4:50  Drone  
  53  4:51  Drone x3  
  57  4:58  Drone x3, Overlord  
  60  5:07  Zerg Melee Weapons Level 1  
  60  5:08  Overlord  
  60  5:17  Spine Crawler  
  60  5:19  Zergling x6  
  61  5:33  Spore Crawler  
  61  5:34  Spore Crawler  
  55  5:38  Mutalisk x4  
  60  5:47  Mutalisk x2  
  64  5:56  Zerg Flyer Armor Level 1  
  64  6:02  Spore Crawler  
  63  6:08  Drone x3  
  63  6:09  Zergling x4, Drone  
  63  6:10  Zergling x6  
  72  6:15  Overlord  
  72  6:19  Drone x2  
  74  6:29  Mutalisk, Spore Crawler  
  73  6:36  Zergling x8  
  77  6:42  Overlord x2  
  77  6:43  Mutalisk, Overlord  
  79  6:49  Overlord  
  73  7:03  Mutalisk x5  
  73  7:07  Drone x2, Spore Crawler  
  81  7:11  Zergling x6  
  83  7:19  Centrifugal Hooks  
  83  7:21  Drone  
  83  7:22  Drone x2  
  86  7:25  Zergling x2  
  86  7:26  Zergling x4  
  89  7:33  Mutalisk x2  
  93  7:39  Zergling x10  
  93  7:57  Zergling x2  
  93  7:58  Zergling x14  
  96  8:00  Overlord  
  96  8:01  Overlord  
  96  8:03  Mutalisk  
  98  8:10  Zerg Melee Weapons Level 2  
  95  8:14  Drone  
  95  8:15  Drone x3  
  99  8:23  Zergling x4  
  99  8:24  Zergling x4  
  100  8:34  Zergling x8  
  100  8:39  Mutalisk x4  
  111  8:45  Extractor, Drone  
  111  8:46  Overlord x2  
  111  8:50  Extractor  
  110  8:56  Zergling x8  
  110  9:02  Baneling x5  
  114  9:03  Baneling x4  
  110  9:15  Zergling x2  
  110  9:16  Zergling x14  
  118  9:22  Zergling x2  
  118  9:23  Zergling x6  
  108  9:32  Zergling x4  
  108  9:37  Queen  
  106  9:41  Zergling x8  
  106  9:42  Zergling x8  
  106  9:44  Baneling  
  106  9:45  Baneling x9  
  105  9:57  Mutalisk  
  105  9:58  Mutalisk x3  
  103  10:10  Mutalisk, Drone x3  
  103  10:11  Mutalisk  
  110  10:16  Drone x2  
  110  10:17  Spore Crawler  
  109  10:26  Zergling x2  
  109  10:27  Overlord x2  
  99  10:33  Overlord x2  
  95  10:47  Zergling x2  
  95  10:48  Zergling x20  
Tags
 
Add a new tag
Caveats
  • Supply blocks, unpowered buildings, or Contaminate may cause inaccurate times.
  • Supply counts are checked every 10 seconds.